 Dungeon Crawl Stone Soup version 0.20.1-1-g8b1a95d (webtiles) character file.

105 Kahvikuppo the Ruffian (level 4, -1/40 HPs)
             Began as a Ghoul Monk on July 12, 2017.
             Slain by an orc wizard
             ... wielding a cursed +0 dagger
              (2 damage)
             ... on level 3 of the Dungeon.
             The game lasted 00:14:11 (2552 turns).

Kahvikuppo the Ruffian (Ghoul Monk)                 Turns: 2552, Time: 00:14:13

Health: -1/40      AC: 10    Str: 14    XL:     4   Next: 81%
Magic:  3/3        EV:  4    Int:  6    God:    Xom [..*...]
Gold:   107        SH:  0    Dex: 11    Spells: 3/3 levels left

rFire    . . .     SeeInvis .     - Unarmed
rCold    + . .     Gourm    .   (no shield)
rNeg     + + +     Faith    .   j - +0 plate armour
rPois    ∞         Spirit   .   (no helmet)
rElec    .         Reflect  .   (no cloak)
rCorr    .         Harm     .   (no gloves)
MR       .....                  (no boots)
Stlth    ..........             n - amulet of magic regeneration
Regen    0.0/turn               (no ring)
MPRegen  0.2/turn               (no ring)

@: rotting
A: rotting body, claws 1, carnivore 3, cold resistance 1, negative energy
resistance 3, inhibited regeneration, torment resistance, unbreathing
a: Renounce Religion


You were on level 3 of the Dungeon.
You worshipped Xom.
You were a toy of Xom.
You were not hungry.

You visited 1 branch of the dungeon, and saw 3 of its levels.

You collected 107 gold pieces.

Inventory:

Hand Weapons
 d - a +0 club
Missiles
 h - 9 tomahawks (quivered)
Armour
 a - a +0 robe
 j - a +0 plate armour (worn)
Jewellery
 n - an amulet of magic regeneration (around neck)
Wands
 p - a wand of flame (24/48)
Scrolls
 b - a scroll of enchant weapon {unknown}
 e - 2 scrolls of immolation {unknown}
 f - a scroll of teleportation {unknown}
 l - 2 scrolls of identify {unknown}
 m - 2 scrolls of enchant armour {unknown}
Potions
 c - a potion of degeneration {unknown}
 g - 2 potions of cancellation {unknown}
 i - 2 potions of curing
Comestibles
 o - a meat ration


   Skills:
 + Level 3.9 Fighting
 + Level 1.4 Armour
 + Level 2.9 Dodging
 + Level 2.3 Stealth
 + Level 4.7 Unarmed Combat


You had 3 spell levels left.
You didn't know any spells.

Dungeon Overview and Level Annotations

Branches:
Dungeon (3/15)

Altars:
Kikubaaqudgha
Uskayaw
Xom


Innate Abilities, Weirdness & Mutations

Your body is rotting away.
You thrive on raw meat.
You are immune to poison.
You have sharp fingernails.
You are carnivorous and can eat meat at any time.
Your flesh is cold resistant. (rC+)
You are immune to negative energy. (rN+++)
You do not regenerate when monsters are visible.
You are immune to unholy pain and torment.
You can survive without breathing.


Message History

The orc wizard is heavily wounded.
The leopard gecko barely misses you. The rat barely misses you.
Something hits you but does no damage.
The orc wizard hits you but does no damage.
The rat bites you but does no damage.
Unknown command.
Your plate armour prevents you from hitting the orc wizard.
The orc wizard is heavily wounded. "See what I see, my child!"
You feel aware of your surroundings.
The leopard gecko completely misses you.
The rat bites you but does no damage. Something hits you but does no damage.
The orc wizard hits you but does no damage.
You closely miss the orc wizard.
The orc wizard is heavily wounded.
The leopard gecko bites you.
* * * LOW HITPOINT WARNING * * *
The rat bites you but does no damage. x2; Something hits you.
You die...
Xom bursts into laughter!

, , ..# #.#, *#..,,* *
###.###.# #rr,,*
#.......# #..g, #.#.###.#
#...,* #.#.. #.# #....*
#.##.##.# #
##....#####.##..#%#.#
......)olo..###.#.#.#
.......Kr@(.........#
........r{.#####..###
.............# #.>.....#
,...........#.#*#######.#
......######... ,......*
,,,#.# , ......* , ,,
,..# ,.#####* , ,* ,..,,
, ,, *


You could see an orc priest, an orc wizard, a leopard gecko, a kobold and 2
rats.

Vanquished Creatures
  3 gnolls (D:3)
  2 adders (D:2)
  A worm (D:2)
  A dart slug (D:3)
  A leopard gecko (D:3)
  3 orcs (D:3)
  3 giant cockroaches (D:1)
  8 goblins
  5 hobgoblins
  6 kobolds
  2 ball pythons (D:1)
  4 bats
  2 frilled lizards (D:3)
  6 rats
47 creatures vanquished.

Notes
Turn   | Place    | Note
-------+----------+-------------------------------------------
     0 | D:1      | Kahvikuppo the Ghoul Monk began the quest for the Orb.
     0 | D:1      | Reached XP level 1. HP: 19/19 MP: 0/0
   119 | D:1      | Reached XP level 2. HP: 16/25 MP: 1/1
   711 | D:2      | Reached XP level 3. HP: 29/32 MP: 2/2
  1101 | D:2      | Reached skill level 4 in Unarmed Combat
  1304 | D:2      | Reached skill level 1 in Armour
  1934 | D:3      | Found a shimmering altar of Xom.
  1969 | D:3      | Became a worshipper of Xom of Chaos
  2020 | D:3      | Reached XP level 4. HP: 9/35 MP: 3/3
  2020 | D:3      | XOM: potion effect (heal wounds)
  2200 | D:3      | Found an ancient bone altar of Kikubaaqudgha.
  2200 | D:3      | Found a hide-covered altar of Uskayaw.
  2549 | D:3      | HP: 2/40 [rat (1)]
  2551 | D:3      | XOM: divination: magic mapping
  2552 | D:3      | Slain by an orc wizard

Skill      XL: |  1  2  3 |
---------------+----------+-----
Unarmed Combat | 4 |  4.7
Armour         | 1 |  1.4
Fighting       | |  3.9
Dodging        | |  2.9
Stealth        | |  2.3

Action                   |  1- 3 |  4- 6 || total
-------------------------+-------+-------++-------
Melee: Unarmed           |   125 |    49 ||   174
       Punch             |     2 |     1 ||     3
  Use: Potion            |       |     1 ||     1
  Eat: Chunk             |     5 |     3 ||     8
       Meat ration       |     1 |     1 ||     2
Armor: Robe              |     3 |       ||     3
       Ring mail         |    19 |       ||    19
       Plate armour      |    84 |    80 ||   164
Dodge: Dodged            |    68 |    16 ||    84
